 Dungeon Crawl Stone Soup version 0.30-a0-782-ge64f9170bb (console) character file.

Game seed: 153814388741244090

28 utis the Gusty (level 3, -1/20 HPs)
             Began as a Tengu Wanderer on Feb 27, 2023.
             Slain by a goblin
             ... wielding a +2 dagger of venom
              (4 damage)
             ... on level 2 of the Dungeon.
             The game lasted 00:05:08 (1320 turns).

utis the Gusty (Tengu Wanderer)                     Turns: 1320, Time: 00:05:09

Health: -1/20      AC:  2    Str: 10    XL:     3   Next: 14%
Magic:  5/5        EV: 12    Int: 14    God:
Gold:   50         SH:  0    Dex: 15    Spells: 3/4 levels left

rFire   . . .      SeeInvis .    i - +1 dagger (freeze)
rCold   . . .      Faith    .    (no shield)
rNeg    . . .      Spirit   .    c - +0 robe
rPois   .          Reflect  .    d - +0 hat
rElec   .          Harm     .    (no cloak)
rCorr   .          Rampage  .    (no gloves)
Will    .....                    (boots unavailable)
Stlth   ++                       (no amulet)
HPRegen 0.23/turn                (no ring)
MPRegen 0.09/turn                (no ring)

@: lethally poisoned (-1 -> -8)
A: beak, talons 3
a: no special abilities


You were on level 2 of the Dungeon.
You visited 1 branch of the dungeon, and saw 2 of its levels.

You collected 50 gold pieces.

Inventory:

Hand Weapons
 a - a +0 dagger
 i - a +1 dagger of freezing (weapon)
Armour
 c - a +0 robe (worn)
 d - a +0 hat (worn)
 h - a +0 ring mail
Scrolls
 b - a scroll of butterflies
 f - 2 scrolls of magic mapping {unknown}
 g - a scroll of fear {unknown}
 j - a scroll of immolation {unknown}
 l - 2 scrolls of teleportation {unknown}
 m - a scroll of identify {unknown}
Potions
 e - a potion of magic {unknown}
 k - a potion of cancellation {unknown}


   Skills:
 + Level 1.1 Fighting
 + Level 1.8 Dodging
 - Level 2.0 Stealth
 - Level 1.0 Spellcasting
 * Level 2.4 Conjurations
 - Level 2.1 Hexes
 - Level 4.0 Air Magic


You had 3 spell levels left.
You knew the following spells:

 Your Spells              Type           Power      Damage    Failure   Level
z - Shock                 Conj/Air       36%        1d5       7%          1

Your spell library contained the following spells:

 Spells                   Type           Power      Damage    Failure   Level
 Slow                     Hex            24%        N/A       11%         1
 Cigotuvi's Dreadful Rot  Necr/Pois/Air  8%         N/A       22%         2
 Inner Flame              Hex/Fire       3%         N/A       45%         3
 Portal Projectile        Hex/Tloc       6%         N/A       45%         3
 Call Canine Familiar     Summ           0%         N/A       61%         3
 Summon Lightning Spire   Summ/Air       6%         N/A       75%         4
 Leda's Liquefaction      Hex/Erth       1%         N/A       86%         4


Dungeon Overview and Level Annotations

Branches:
Dungeon (2/15)

Altars:


Innate Abilities, Weirdness & Mutations

You have a beak for a mouth.
You have claws for feet.


Message History

You now have 50 gold pieces (gained 8).
Found 5 stones.
You see here a +0 short sword.
Found a stone staircase leading down.
l - a scroll labelled BAX QENALEAWA
m - a scroll labelled UCHAQI REIRCHUE
Found a stone staircase leading up.
There is a stone staircase leading up here.
There is a stone staircase leading down here.
l - 2 scrolls labelled BAX QENALEAWA (gained 1)
Found a hand axe.
Search for what [? for help]? weapon Unknown command.
f - 2 scrolls labelled RAMU MAUMUER (gained 1)
You enter the shallow water.
Moving in this stuff is going to be slow.
Found a stone staircase leading down.
You open the door.
There is an open door here.
There is an open door here.
There is a stone staircase leading down here.
A goblin comes into view. It is wielding a +2 dagger of venom.
The goblin shouts!
The goblin attacks as you move away! The goblin closely misses you.
There is a stone staircase leading down here.
The goblin attacks as you move away!
The goblin hits you with a +2 dagger of venom.
You are poisoned.
You feel very sick. The goblin attacks as you move away!
The goblin hits you with a +2 dagger of venom.
You are lethally poisoned!
* * * LOW HITPOINT WARNING * * *
You feel very sick.
* * * LOW HITPOINT WARNING * * *
You feel very sick.
As you close the door, it creaks loudly!
* * * LOW HITPOINT WARNING * * *
You feel sick.
The goblin hits you with a +2 dagger of venom.
You die...

░.░ ░░.░░░.
░.░░░░░░░░░░.░░ ░░
░...........░░ ░
+░░░░░░░░░░░░░░░░░.░░ ░░
░≈≈≈≈≈░ ░░.░░░. ░≈....░░░
░░.░.. ░≈....░.░░░░░░░░░
░░.░. ░≈....░.........░
░.░. ░░░░░░+Q░░░░░░░.░
░.░. ░g░░ ░░░ ░.░ ░.░.
░.░ ░░.░░░.░ ░.░.
░>░░░.░.░░.░░ ░.░.
░.░░.░░░....░░░░.░.
........░.░░ ░░..).....░.
░░░░░░░░░░.░░░....░░░░░░.
░░.░.░..........
░░~≈....░░░.░░░


You could see a goblin.

Vanquished Creatures
  An adder (D:2)
  A giant cockroach (D:1)
  2 hobgoblins (D:1)
  6 jackals (D:1)
  2 bats (D:1)
  A frilled lizard (D:1)
  4 kobolds (D:1)
  A rat (D:1)
18 creatures vanquished.

Notes
Turn   | Place    | Note
-------+----------+-------------------------------------------
     0 | D:1      | utis the Tengu Wanderer began the quest for the Orb.
     0 | D:1      | utis set off with the following items: a +0 dagger, a
                  | scroll of butterflies, a +0 robe, a +0 hat; and the
                  | following spells available to memorise: Slow, Shock,
                  | Cigotuvi's Dreadful Rot, Inner Flame, Summon Lightning
                  | Spire.
     0 | D:1      | Reached XP level 1. HP: 10/10 MP: 3/3
     2 | D:1      | Learned a level 1 spell: Shock
    82 | D:1      | Reached skill level 1 in Conjurations
   260 | D:1      | Reached XP level 2. HP: 16/16 MP: 0/4
  1050 | D:2      | Reached skill level 1 in Fighting
  1050 | D:2      | Reached XP level 3. HP: 11/20 MP: 0/5
  1320 | D:2      | Slain by a goblin

Illustrated notes

Levels and vault maps discovered:
D:1:      dpeg_arrival_solitude, layout_basic, kennysheep_boxes
D:2:      layout_loops_ring, serial_rivers, chequers_serial_rivers_micro_b,
          chequers_serial_rivers_marsh, chequers_serial_rivers_room_a,
          chequers_serial_rivers_small_b, chequers_serial_rivers_micro_a,
          chequers_serial_rivers_room_b, grunt_decor_resistance

Skill      XL: |  1  2 |
---------------+-------+-----
Conjurations   | 1 2 |  2.4
Fighting       | 1 |  1.1
Dodging        | |  1.8
Stealth        | |  2.0
Spellcasting   | |  1.0
Hexes          | |  2.1
Air Magic      | |  4.0

Action                     || total
---------------------------++-------
  Melee: Dagger            ||    22
         Peck              ||     4
         Kick              ||     5
   Cast: Shock             ||    33
 Armour: Robe              ||    18
  Dodge: Dodged            ||    30

Table legend: (Time is in decaauts)
 A = Elapsed time spent in this place.
 B = Non-inter-level travel time spent in this place.
 C = Inter-level travel time spent in this place.
 D = Time resting spent in this place.
 E = Time spent auto-exploring this place.
 F = Levels seen in this place.
 G = Mean time per level.
                   A        B        C        D        E       F      G
               +--------+--------+--------+--------+--------+-----+--------+
         Total |   1353 |   1310 |     43 |    268 |    727 |   2 |  676.5 |
       Dungeon |   1353 |   1310 |     43 |    268 |    727 |   2 |  676.5 |
               +--------+--------+--------+--------+--------+-----+--------+

Top non-repeatable levels by time:
     D:1: 1039 daAuts
     D:2: 314 daAuts
